 Dungeon Crawl Stone Soup version 0.26.0-10-g1f06aea511 (webtiles) character file.

Game seed: 13085985436603994398

135 trckry the Ruffian (level 4, -2/35 HPs)
             Began as a Draconian Transmuter on Jan 13, 2021.
             Killed by divine providence
             ... invoked by an orc priest
              (16 damage)
             ... on level 3 of the Dungeon.
             The game lasted 00:05:36 (1841 turns).

trckry the Ruffian (Draconian Transmuter)           Turns: 1841, Time: 00:05:36

Health: -2/35      AC:  5    Str: 12    XL:     4   Next: 96%
Magic:  7/7        EV: 12    Int: 15    God:
Gold:   168        SH:  0    Dex: 13    Spells: 6/7 levels left

rFire    . . .     SeeInvis .     - Unarmed
rCold    . . .     Faith    .   (no shield)
rNeg     . . .     Spirit   .   (armour unavailable)
rPois    +         Reflect  .   (helmet currently unavailable)
rElec    .         Harm     .   (no cloak)
rCorr    .         Rampage  .   (no gloves)
Will     +....                  (boots currently unavailable)
Stlth    +.........             e - amulet of inaccuracy (curse)
HPRegen  0.11/turn              l - ring of wizardry
MPRegen  0.10/turn              d - ring of willpower

@: appendages (expiring)
A: unfitting armour, horns 2, talons 2, agile 1, poison resistance,
cold-blooded, AC +5
a: End Transformation


You were on level 3 of the Dungeon.
You had grown temporary horns.
You had grown temporary talons.
You visited 1 branch of the dungeon, and saw 3 of its levels.

You collected 168 gold pieces.

Inventory:

Missiles
 c - 16 poisoned darts
Armour
 f - a +0 pair of gloves
Jewellery
 d - a ring of willpower (right hand)
 e - a cursed amulet of inaccuracy (around neck)
 j - an uncursed amulet of the acrobat {unknown}
 l - a ring of wizardry (left hand)
Wands
 o - a wand of digging (3)
Scrolls
 h - 2 scrolls of teleportation
Potions
 a - 2 potions of lignification


   Skills:
 - Level 1.1 Fighting
 - Level 1.7 Dodging
 * Level 4.5 Unarmed Combat
 - Level 2.0 Spellcasting
 * Level 3.9 Transmutations


You had 6 spell levels left.
You knew the following spells:

 Your Spells              Type           Power        Failure   Level
a - Beastly Appendage     Tmut           26%          1%          1

Your spell library contained the following spells:

 Spells                   Type           Power        Failure   Level
 Wereblood                Tmut           13%          2%          2
 Spider Form              Tmut/Pois      3%           12%         3
 Ice Form                 Ice/Tmut       7%           36%         4
 Blade Hands              Tmut           6%           43%         5


Dungeon Overview and Level Annotations

Branches:
Dungeon (3/15)

Altars:


Innate Abilities, Weirdness & Mutations

Your plain brown scales are hard. (AC +5)
You cannot fit into any form of body armour.
You are cold-blooded and may be slowed by cold attacks.
You have a pair of horns on your head.
You have razor-sharp toenails.
You are agile. (Dex +2)
Your system is resistant to poisons. (rPois)


Message History

The iguana is severely wounded.
The iguana bites you.
You closely miss the iguana. Your kick misses the iguana.
The iguana is severely wounded.
The iguana misses you.
You barely miss the iguana. You claw the iguana.
Your tail-slap misses the iguana.
The iguana is severely wounded.
The iguana misses you.
You barely miss the iguana.
The iguana is severely wounded.
The iguana bites you.
You barely miss the iguana. You headbutt the iguana.
You kill the iguana!
You see here an iguana corpse.
An orc priest comes into view. It is wielding a +0 short sword.
The orc priest shouts!
The orc priest invokes the aid of Beogh against you.
Beogh smites you!
You die...

####
##+####...
#........#
#../.....#
#........#
o.(......##
#@†<# #####


You could see an orc priest.

Vanquished Creatures
  A hound (D:2)
  An iguana (D:3)
  2 adders (D:2)
  A worm (D:2)
  2 dart slugs (D:1)
  2 leopard geckos
  7 bats
  4 giant cockroaches
  5 goblins (D:2)
  8 hobgoblins
  10 kobolds
  8 frilled lizards
  3 rats
54 creatures vanquished.

Notes
Turn   | Place    | Note
-------+----------+-------------------------------------------
     0 | D:1      | trckry the Draconian Transmuter began the quest for the
                  | Orb.
     0 | D:1      | Reached XP level 1. HP: 16/16 MP: 3/3
   237 | D:1      | Reached XP level 2. HP: 21/23 MP: 3/5
   542 | D:1      | Reached XP level 3. HP: 23/28 MP: 6/6
   873 | D:2      | Reached skill level 4 in Unarmed Combat
  1068 | D:2      | Reached XP level 4. HP: 35/35 MP: 5/7
  1721 | D:2      | Gained mutation: You are agile. (Dex +2) [potion of
                  | mutation]
  1721 | D:2      | Gained mutation: Your system is resistant to poisons.
                  | (rPois) [potion of mutation]
  1841 | D:3      | Killed from afar by an orc priest

Illustrated notes

Levels and vault maps discovered:
D:1:      onia_arrival_mini_spirals, layout_rooms
D:2:      layout_rooms, chequers_garden, minmay_nonomino_d4
D:3:      layout_basic, uniq_natasha

Skill      XL: |  1  2  3 |
---------------+----------+-----
Transmutations | 3 |  3.9
Unarmed Combat | 4 |  4.5
Fighting       | |  1.1
Dodging        | |  1.7
Spellcasting   | |  2.0

Action                   |  1- 3 |  4- 6 || total
-------------------------+-------+-------++-------
Melee: Unarmed           |    85 |    65 ||   150
       Headbutt          |    10 |     4 ||    14
       Kick              |     9 |    11 ||    20
       Tailslap          |     5 |     6 ||    11
       Punch             |       |     1 ||     1
 Cast: Beastly Appendage |    17 |    16 ||    33
  Use: Scroll            |       |     6 ||     6
       Potion            |       |     3 ||     3
Armor: Skin              |    33 |    23 ||    56
Dodge: Dodged            |    78 |    50 ||   128
